[Event "November 21 Early 2023"]
[Site "https://www.chess.com"]
[Date "2023.11.21"]
[Round "3"]
[White "Pinheiro, Iung Alicio de O."]
[Black "Hua, Lefong"]
[Result "0-1"]
[Board "64"]
[TimeControl "180+1"]
[WhiteFideId "2104350"]
[BlackFideId "2602253"]
[WhiteElo "2283"]
[BlackElo "2723"]
[WhiteTeam "BRA"]
[BlackTeam "CAN"]
[WhiteClock "0:00:00"]
[BlackClock "0:00:18"]

1. c4 Nf6 2. g3 g6 3. Bg2 Bg7 4. Nc3 O-O 5. d3 c5 6. Bg5 Nc6 7. Qd2 d6 8. Bh6 Rb8 9. h4 e6 10. h5 Nxh5 11. Bxg7 Kxg7 12. g4 f5 13. gxh5 g5 14. h6+ Kh8 15. Nf3 Rg8 16. e3 Qf6 17. O-O-O a6 18. d4 g4 19. Ng1 cxd4 20. exd4 Ne7 21. Nge2 b5 22. c5 b4 23. Na4 b3 24. a3 Bd7 25. Nb6 Bb5 26. Nc3 f4 27. Be4 Rgd8 28. Qe1 Nf5 29. Bxf5 exf5 30. Kb1 Bc6 31. Rg1 Bf3 32. Rd2 Re8 33. Qc1 dxc5 34. dxc5 Qc6 35. Re1 Qxc5 36. Nd7 Qc4 37. Nxb8 Rxb8 38. Rd7 Qc6 39. Qd2 Qxh6 40. Qd4+ Kg8 41. Qc4+ Kh8 42. Qf7 Rg8 43. Qxg8+ Kxg8 44. Re8+ Qf8 45. Rxf8+ Kxf8 46. Rxh7 g3 47. fxg3 fxg3 48. Rh6 Kg7 49. Rh3 f4 50. Rh4 g2 51. Ne2 Bxe2 0-1

[Event "November 21 Early 2023"]
[Site "https://www.chess.com"]
[Date "2023.11.21"]
[Round "3"]
[White "Fiedorek, Michal"]
[Black "Karthik Rajaa"]
[Result "0-1"]
[Board "65"]
[TimeControl "180+1"]
[WhiteFideId "1199528"]
[BlackFideId "25035215"]
[WhiteElo "2135"]
[BlackElo "2276"]
[WhiteTeam "POL"]
[BlackTeam "IND"]
[WhiteClock "0:00:14"]
[BlackClock "0:00:12"]

1. e4 c6 2. d4 d5 3. Nc3 dxe4 4. Nxe4 Nf6 5. Nxf6+ exf6 6. c3 Bd6 7. Bd3 O-O 8. Qc2 Re8+ 9. Ne2 h5 10. O-O Nd7 11. Nf4 Bxf4 12. Bxf4 Nf8 13. Rfe1 Be6 14. Rad1 h4 15. h3 Qd7 16. c4 Rad8 17. Bf1 Ng6 18. Bh2 Bf5 19. Qc3 Rxe1 20. Qxe1 Re8 21. Qa5 b6 22. Qc3 Nf8 23. a4 Ne6 24. a5 Ng5 25. axb6 axb6 26. Qb4 Qa7 27. Qd6 Qa4 28. Rc1 Bg6 29. Qf4 Qb3 30. Qxh4 Qxb2 31. Qf4 Ne6 32. Qe3 Qxd4 33. Qxd4 Nxd4 34. Bc7 b5 35. cxb5 cxb5 36. Bb6 Ne2+ 37. Bxe2 Rxe2 38. Bd4 Ra2 39. Rc8+ Kh7 40. Rb8 Bd3 41. Kh2 Bc4 42. Kg3 Rd2 43. Be3 Rd5 44. h4 Kg6 45. Rb7 Rd3 46. h5+ Kxh5 47. Kf3 Bd5+ 48. Ke2 Rxe3+ 0-1

[Event "November 21 Early 2023"]
[Site "https://www.chess.com"]
[Date "2023.11.21"]
[Round "3"]
[White "vishwa_vijeta"]
[Black "Hasangatin, Ramil"]
[Result "0-1"]
[Board "66"]
[TimeControl "180+1"]
[BlackFideId "4122160"]
[WhiteElo "2533"]
[BlackElo "2317"]
[BlackTeam "RUS"]
[WhiteClock "0:00:23"]
[BlackClock "0:01:53"]

1. e4 d5 2. exd5 Qxd5 3. Nc3 Qd6 4. Nf3 Nf6 5. d4 c6 6. Bc4 Bg4 7. O-O Nbd7 8. Be3 e6 9. h3 Bh5 10. Qe2 Be7 11. Rad1 O-O 12. a3 Rfe8 13. Rfe1 Rad8 14. Bg5 h6 15. Bh4 Qc7 16. Qe3 Bd6 17. Ne4 Bf4 18. Qb3 g5 19. Bg3 Nxe4 20. Rxe4 Bxg3 21. fxg3 Nb6 22. g4 Bg6 23. Ree1 c5 24. Ne5 cxd4 25. Bxe6 Rxe6 26. Nxg6 Rxg6 27. Rf1 Qc4 28. Qf3 Kg7 29. Qf5 Qe6 30. Qf2 Rd6 31. Rde1 Qf6 32. Qg3 Qd8 33. Qe5+ Rgf6 34. Rf5 Re6 35. Qg3 Rxe1+ 36. Qxe1 Rxf5 37. gxf5 Qf6 0-1

[Event "November 21 Early 2023"]
[Site "https://www.chess.com"]
[Date "2023.11.21"]
[Round "3"]
[White "Asavasaetakul, Chawit"]
[Black "robertoalejandro10"]
[Result "0-1"]
[Board "67"]
[TimeControl "180+1"]
[WhiteFideId "6204856"]
[WhiteElo "1919"]
[BlackElo "2479"]
[WhiteTeam "THA"]
[WhiteClock "0:00:11"]
[BlackClock "0:00:11"]

1. e4 c5 2. c3 d5 3. exd5 Qxd5 4. d4 g6 5. Nf3 cxd4 6. cxd4 Bg7 7. Nc3 Qa5 8. Bc4 Nf6 9. O-O O-O 10. h3 Nc6 11. d5 Nb8 12. Re1 Qd8 13. Bg5 Nbd7 14. Bb3 Nb6 15. Ne5 h6 16. Bh4 Bf5 17. g4 Bc8 18. Qf3 g5 19. Bg3 Bd7 20. Rad1 Nc8 21. Rd2 Nd6 22. Rde2 Re8 23. h4 Qc8 24. hxg5 hxg5 25. Qe3 Bxg4 26. f3 Nf5 27. Qf2 Bh5 28. Kg2 Nd7 29. Nxd7 Qxd7 30. Be5 Nh4+ 31. Kg3 Bxe5+ 32. Rxe5 Nxf3 33. Qxf3 Bxf3 34. Rxg5+ Kf8 35. Kxf3 Qh3+ 36. Rg3 Qh5+ 37. Kg2 Red8 38. Rh1 Qe5 39. Re3 Qxe3 0-1

[Event "November 21 Early 2023"]
[Site "https://www.chess.com"]
[Date "2023.11.21"]
[Round "3"]
[White "Ishbaev, Alibek"]
[Black "Tasev, Dejan"]
[Result "1-0"]
[Board "68"]
[TimeControl "180+1"]
[WhiteFideId "14205017"]
[BlackFideId "936618"]
[WhiteElo "2397"]
[BlackElo "2248"]
[WhiteTeam "UZB"]
[BlackTeam "SRB"]
[WhiteClock "0:00:21"]
[BlackClock "0:00:05"]

1. c4 Nf6 2. Nc3 g6 3. e4 d6 4. g3 Bg7 5. Bg2 O-O 6. Nge2 c5 7. O-O Nc6 8. d3 Rb8 9. h3 a6 10. f4 b5 11. e5 dxe5 12. Bxc6 exf4 13. Bxf4 Rb6 14. cxb5 axb5 15. Bg2 Nh5 16. Be3 Rd6 17. Bxc5 Rxd3 18. Qe1 b4 19. Ne4 Bxb2 20. Rd1 Ba6 21. Rxd3 Qxd3 22. Nf4 Bd4+ 23. Kh2 Nxf4 24. Rxf4 Be5 25. Rf3 Qc4 26. Bxe7 Re8 27. Qxb4 Qxa2 28. Nf6+ Bxf6 29. Bxf6 Bc8 30. Qb2 Qxb2 31. Bxb2 Be6 32. Bf6 h6 33. h4 Kh7 34. Rd3 Rc8 35. Rd8 Rxd8 36. Bxd8 f5 37. Bf6 Kg8 38. Be5 Kf7 39. Bf4 Kg7 40. Kg1 Bc4 41. Kf2 Bf7 42. Ke3 Bb3 43. Kd4 Kh7 44. Bd5 Ba4 45. Ke5 Kg7 46. Kd6 g5 47. hxg5 hxg5 48. Bxg5 Kg6 49. Bf4 Kh5 50. Ke5 Kg4 51. Bc4 Bc2 52. Be2+ Kh3 53. Kf6 Bb1 54. Kg5 Kg2 55. Bh5 Kf2 56. Bg6 Ke2 57. Bxf5 Ba2 58. Kf6 Kf3 59. Be5 Bg8 60. g4 Bb3 61. g5 Bg8 62. g6 Ke3 63. g7 Kf3 64. Be6 Bh7 65. Kg5 Ke4 66. Kh6 1-0

[Event "November 21 Early 2023"]
[Site "https://www.chess.com"]
[Date "2023.11.21"]
[Round "3"]
[White "Koridze, Lile"]
[Black "Dobrikov, Marco"]
[Result "0-1"]
[Board "69"]
[TimeControl "180+1"]
[WhiteFideId "13612514"]
[BlackFideId "12950378"]
[WhiteElo "2061"]
[BlackElo "2394"]
[WhiteTeam "GEO"]
[BlackTeam "GER"]
[WhiteClock "0:00:49"]
[BlackClock "0:01:37"]

1. d4 g6 2. c4 Bg7 3. Nc3 c5 4. e3 Nc6 5. Nf3 d6 6. Be2 Nf6 7. O-O cxd4 8. exd4 d5 9. cxd5 Nxd5 10. Bc4 Nxc3 11. bxc3 O-O 12. Re1 Na5 13. Bb5 Be6 14. Ba3 Rc8 15. d5 Qxd5 16. Qxd5 Bxd5 17. Bxe7 Bxc3 18. Bxf8 Rxf8 19. Red1 Bxf3 20. gxf3 Bxa1 21. Rxa1 a6 22. Bd3 Rd8 23. Be4 Rd2 24. a4 f5 25. Bb1 0-1

[Event "November 21 Early 2023"]
[Site "https://www.chess.com"]
[Date "2023.11.21"]
[Round "3"]
[White "Bobomurodova, Maftuna"]
[Black "Bodnaruk, Anastasia"]
[Result "0-1"]
[Board "70"]
[TimeControl "180+1"]
[WhiteFideId "14207400"]
[BlackFideId "4181751"]
[WhiteElo "1814"]
[BlackElo "2260"]
[WhiteTeam "UZB"]
[BlackTeam "RUS"]
[WhiteClock "0:00:14"]
[BlackClock "0:00:08"]

1. e4 c5 2. Nf3 d6 3. Bb5+ Nd7 4. O-O a6 5. Bd3 Ngf6 6. c3 e6 7. Bc2 b5 8. d4 Bb7 9. Re1 Be7 10. Nbd2 Qc7 11. Nf1 O-O 12. Ng3 cxd4 13. cxd4 a5 14. Bg5 Nb6 15. Rc1 Qd8 16. Bxf6 Bxf6 17. Qd3 e5 18. Nf5 Nc4 19. b3 Na3 20. Red1 Nxc2 21. Rxc2 g6 22. Nh6+ Kh8 23. Ng4 Bg7 24. d5 f5 25. Ne3 fxe4 26. Qxe4 Rf4 27. Qd3 e4 28. Qxb5 Ba6 29. Qa4 Qf6 30. Ne1 Rf8 31. Rdd2 Bh6 32. Qd4 Qxd4 33. Rxd4 Rxf2 34. Rxf2 Bxe3 35. Rd2 Bd3 36. Nxd3 exd3 37. Kf1 Bxf2 38. Rxf2 Rc8 39. Rd2 Rc2 40. Rxd3 Rxa2 41. Re3 Rb2 42. Re6 Rxb3 43. Rxd6 Kg7 44. Ra6 Rb5 45. d6 Rd5 46. Ra7+ Kf6 47. d7 Ke7 48. d8=Q+ Kxd8 49. Rxh7 a4 50. Ra7 Rd4 51. Ke2 Kc8 52. Ke3 Rg4 53. Kf3 Rb4 54. Ra6 g5 55. g3 g4+ 56. Kg2 Kb7 57. Ra5 Kb6 58. Ra8 Kb5 59. h3 Rb2+ 60. Kh1 Rb3 61. hxg4 Rxg3 62. Rg8 a3 63. g5 Kb4 64. g6 a2 65. Rb8+ Kc3 66. Rc8+ Kb2 67. Rb8+ Rb3 68. Ra8 Ra3 69. Rb8+ Kc3 70. Rc8+ Kb2 71. Rb8+ Rb3 72. Ra8 a1=Q+ 73. Rxa1 Kxa1 74. Kh2 Rb6 75. g7 Rg6 76. Kh3 Rxg7 77. Kh4 Kb2 78. Kh5 Kc3 79. Kh4 Rg1 80. Kh5 Kd4 81. Kh6 Ke5 82. Kh5 Kf4 83. Kh4 Rh1# 0-1

[Event "November 21 Early 2023"]
[Site "https://www.chess.com"]
[Date "2023.11.21"]
[Round "3"]
[White "Martinez Alcantara, Jose Eduardo"]
[Black "Lund, Gunnar"]
[Result "1-0"]
[Board "71"]
[TimeControl "180+1"]
[WhiteFideId "3805662"]
[BlackFideId "1520814"]
[WhiteElo "2703"]
[BlackElo "2233"]
[WhiteTeam "PER"]
[BlackTeam "NOR"]
[WhiteClock "0:00:49"]
[BlackClock "0:00:17"]

1. e4 e6 2. d4 d5 3. exd5 exd5 4. Nf3 Nf6 5. Bd3 Be7 6. O-O Bg4 7. Bf4 O-O 8. Nbd2 Nbd7 9. c3 Re8 10. Qc2 Bh5 11. Rfe1 Bg6 12. Bxg6 hxg6 13. Qb3 Nb6 14. Re2 Bd6 15. Be5 Bxe5 16. Nxe5 Nfd7 17. Rae1 Nxe5 18. dxe5 Qd7 19. Nf3 c5 20. Qd1 Qf5 21. b4 cxb4 22. cxb4 Re7 23. Nd4 Qd7 24. e6 fxe6 25. Qd3 e5 26. Qxg6 e4 27. Re3 Qe8 28. Qg4 Qd7 29. Qh4 Rf8 30. Rh3 Rf6 31. Qh7+ Kf8 32. Qh8+ Kf7 33. Rg3 g6 34. Rh3 g5 35. Rh7+ Kg6 36. Rh6+ 1-0

[Event "November 21 Early 2023"]
[Site "https://www.chess.com"]
[Date "2023.11.21"]
[Round "3"]
[White "Lazavik, Denis"]
[Black "Novik, Maxim"]
[Result "1-0"]
[Board "72"]
[TimeControl "180+1"]
[WhiteFideId "13515110"]
[BlackFideId "4102924"]
[WhiteElo "2556"]
[BlackElo "2306"]
[WhiteTeam "BLR"]
[BlackTeam "LTU"]
[WhiteClock "0:00:42"]
[BlackClock "0:00:07"]

1. d4 Nf6 2. c4 g6 3. g3 c6 4. Bg2 d5 5. Nf3 Bg7 6. O-O O-O 7. Qb3 dxc4 8. Qxc4 Bf5 9. e3 Nbd7 10. Qe2 c5 11. Nc3 Ne4 12. Nh4 Ndf6 13. Nxf5 gxf5 14. Nxe4 Nxe4 15. dxc5 Nxc5 16. Rd1 Qb6 17. Rb1 Ne4 18. Bd2 Nxd2 19. Rxd2 Rfd8 20. Rc2 Rac8 21. Rbc1 Rxc2 22. Rxc2 e6 23. Bf3 Bf6 24. Kg2 Kg7 25. b3 Rd7 26. e4 fxe4 27. Bxe4 Rc7 28. Qg4+ Kf8 29. Rd2 Ke7 30. Bxh7 Rd7 31. Rxd7+ Kxd7 32. Qf3 Ke7 33. Be4 Qa5 34. a4 b5 35. axb5 Qxb5 36. h4 a5 37. h5 a4 38. bxa4 Qxa4 39. h6 Qd4 40. h7 Kf8 41. Bg6 Ke7 42. Bxf7 Bg7 43. Bg6 Qf6 44. Qa3+ Kd7 45. Be4 Qd4 46. Bf3 Qd6 47. Qa8 Qd4 48. Qg8 Ke7 49. Bh5 Qf6 50. Bg4 Qe5 51. Bxe6 Qe4+ 52. Kh2 Bd4 53. h8=Q Bxh8 54. Qxh8 Qxe6 55. Qh4+ Kf7 56. Qf4+ Kg7 57. g4 Qb3 58. f3 Qc2+ 59. Kg3 Qe2 60. Qd4+ Kg8 61. Kf4 Qh2+ 62. Kg5 Qg3 63. f4 Qh3 64. Qd8+ Kg7 65. Qf6+ Kg8 66. Qg6+ Kf8 67. Qh6+ 1-0

[Event "November 21 Early 2023"]
[Site "https://www.chess.com"]
[Date "2023.11.21"]
[Round "3"]
[White "Maghsoodloo, Parham"]
[Black "LeoLV10"]
[Result "1-0"]
[Board "73"]
[TimeControl "180+1"]
[WhiteFideId "12539929"]
[WhiteElo "2660"]
[BlackElo "2520"]
[WhiteTeam "IRI"]
[WhiteClock "0:02:01"]
[BlackClock "0:00:00"]

1. d4 Nf6 2. c4 e6 3. Nf3 a6 4. Nc3 d5 5. cxd5 exd5 6. Bg5 Be7 7. e3 O-O 8. Bd3 h6 9. Bh4 Nbd7 10. O-O c5 11. dxc5 Nxc5 12. Bc2 Be6 13. h3 Rc8 14. Rc1 Nfe4 15. Bxe7 Qxe7 16. Ne2 Nd6 17. Nfd4 Rfd8 18. Nf4 Qf6 19. Qh5 Nde4 20. b4 Nd7 21. Nxd5 Bxd5 22. Qxd5 Nc3 23. Qxb7 Nf8 24. Bd3 Rb8 25. Qxa6 Qxa6 26. Bxa6 Nxa2 27. Nc6 Nxc1 28. Rxc1 Rb6 29. Nxd8 Rxa6 30. Rc8 g6 31. Nc6 Rb6 32. Ne7+ Kg7 33. Nd5 Rb5 34. Rc5 Rb7 35. Rc6 Ne6 36. Rb6 Rd7 37. e4 Ng5 38. f3 f5 39. Nf4 fxe4 40. h4 exf3 41. hxg5 Rd1+ 42. Kf2 fxg2 43. Rxg6+ Kf7 44. Rf6+ Kg7 45. Ne6+ Kg8 46. Kxg2 hxg5 47. Nxg5 Rd4 48. Rf8+ Kg7 49. Ne6+ Kg6 50. Nxd4 1-0

[Event "November 21 Early 2023"]
[Site "https://www.chess.com"]
[Date "2023.11.21"]
[Round "3"]
[White "Erzhanov, Arman"]
[Black "Terry, Renato"]
[Result "0-1"]
[Board "74"]
[TimeControl "180+1"]
[WhiteFideId "4138821"]
[BlackFideId "3803457"]
[WhiteElo "2171"]
[BlackElo "2572"]
[WhiteTeam "KAZ"]
[BlackTeam "PER"]
[WhiteClock "0:00:12"]
[BlackClock "0:00:12"]

1. e4 c5 2. Nf3 e6 3. b3 Nf6 4. e5 Nd5 5. Bb2 Nc6 6. g3 Be7 7. Bg2 h5 8. h4 b5 9. c4 bxc4 10. bxc4 Ndb4 11. d4 cxd4 12. a3 Na6 13. Nxd4 Bb7 14. O-O Nc5 15. Nb5 Na5 16. Bxb7 Ncxb7 17. Nd2 a6 18. Nd4 Nc5 19. Re1 Nd3 20. Bc3 Nxe1 21. Qxe1 Rc8 22. Qe2 Qc7 23. Bb4 Nc6 24. Bxe7 Nxe7 25. Rc1 Qc5 26. Qe3 Ng6 27. f4 O-O 28. Ne4 Qa7 29. c5 Ne7 30. Qf3 g6 31. g4 Qb8 32. gxh5 Qb2 33. Rd1 Kg7 34. hxg6 Rh8 35. gxf7 Rh6 36. Rd2 Rg6+ 37. Kh2 Qc1 38. Rg2 Rh8 39. h5 Rxg2+ 40. Qxg2+ Kf8 41. Nf6 Qxf4+ 42. Kh3 Qxd4 43. Qa8+ Kxf7 44. Qxh8 Qxe5 45. Qh7+ Kxf6 46. Qh8+ Kf5 47. Qh7+ Kf4 48. Qxe7 Qxh5+ 49. Kg2 Qf3+ 50. Kg1 Qd1+ 51. Kh2 Qe2+ 52. Kg1 Qe3+ 53. Kh2 Qf2+ 54. Kh1 Qf3+ 55. Kh2 Qe2+ 56. Kh1 Qd1+ 57. Kh2 Qd2+ 58. Kh1 Qd5+ 59. Kh2 Ke3 60. Qf7 Kd4 61. Qf2+ Kc4 62. Qc2+ Kb5 63. Qb2+ Kxc5 64. Qb4+ Kc6 65. Qc3+ Qc5 66. Qf3+ Kc7 67. Qf4+ Qd6 68. Kg3 Qxf4+ 69. Kxf4 Kc6 70. Ke4 Kc5 71. Kd3 d5 72. Kc3 e5 73. Kd3 e4+ 74. Kc3 d4+ 75. Kd2 Kc4 76. Ke2 e3 77. Kd1 Kd3 78. Ke1 Kc2 79. Ke2 d3+ 80. Kxe3 d2 81. Kd4 d1=Q+ 82. Kc4 Qd3+ 83. Kb4 Qb5# 0-1

[Event "November 21 Early 2023"]
[Site "https://www.chess.com"]
[Date "2023.11.21"]
[Round "3"]
[White "Kovalenko, Igor"]
[Black "Hajiyev, Kanan"]
[Result "1-0"]
[Board "75"]
[TimeControl "180+1"]
[WhiteFideId "14117908"]
[BlackFideId "13404148"]
[WhiteElo "2574"]
[BlackElo "2102"]
[WhiteTeam "UKR"]
[BlackTeam "AZE"]
[WhiteClock "0:01:25"]
[BlackClock "0:00:04"]

1. c4 c6 2. Nf3 d5 3. e3 Nf6 4. Nc3 g6 5. d4 Bg7 6. cxd5 cxd5 7. Bb5+ Bd7 8. Qb3 e6 9. Bxd7+ Qxd7 10. Ne5 Qc7 11. Qa3 Bf8 12. Qa4+ Nc6 13. Bd2 Bd6 14. Nb5 Qe7 15. Nxc6 bxc6 16. Nxd6+ Qxd6 17. Bb4 Qd7 18. Rc1 c5 19. Qxd7+ Nxd7 20. Bxc5 Rc8 21. Kd2 Nxc5 22. Rxc5 Rxc5 23. dxc5 Kd7 24. Kc3 Kc6 25. b4 e5 26. Kb3 f5 27. Rc1 g5 28. Ka4 a6 29. Ka5 f4 30. a4 Rb8 31. g3 f3 32. g4 d4 33. exd4 exd4 34. Rd1 Kd5 35. c6 Kxc6 36. Rxd4 Rf8 37. h3 h6 38. Rc4+ Kb7 39. Re4 Rf7 40. Re6 Rf4 41. Rxa6 Kc7 42. Rxh6 Rd4 43. Rf6 Rd5+ 44. b5 Rd3 45. Rf5 Rb3 46. Rxg5 Rb2 47. Rf5 Rxf2 48. g5 Kd7 49. g6 Ke6 50. g7 Rg2 51. Rxf3 Rxg7 52. b6 Kd6 53. Ka6 Kc6 54. Rc3+ Kd5 55. b7 1-0

[Event "November 21 Early 2023"]
[Site "https://www.chess.com"]
[Date "2023.11.21"]
[Round "3"]
[White "Pinto, Daniel"]
[Black "Ibarra Jerez, Jose Carlos"]
[Result "0-1"]
[Board "76"]
[TimeControl "180+1"]
[WhiteFideId "3303144"]
[BlackFideId "2226332"]
[WhiteElo "2149"]
[BlackElo "2634"]
[WhiteTeam "BOL"]
[BlackTeam "ESP"]
[WhiteClock "0:00:00"]
[BlackClock "0:00:13"]

1. e4 c5 2. Nf3 e6 3. c3 Nf6 4. e5 Nd5 5. d4 cxd4 6. cxd4 d6 7. Bc4 Be7 8. O-O O-O 9. Nbd2 Nc6 10. Re1 Bd7 11. Ne4 dxe5 12. dxe5 Rc8 13. a3 Qb6 14. Bd3 Rfd8 15. Neg5 h6 16. Nxf7 Kxf7 17. Ng5+ Kg8 18. Qh5 Be8 19. Qg4 Bxg5 20. Bxg5 hxg5 21. Qxe6+ Bf7 22. Qh3 g6 23. e6 Be8 24. Be4 Nce7 25. Rad1 Qxb2 26. Qg4 Qf6 0-1

[Event "November 21 Early 2023"]
[Site "https://www.chess.com"]
[Date "2023.11.21"]
[Round "3"]
[White "Ter-Sahakyan, Samvel"]
[Black "Kovacsy, Barnabas"]
[Result "1-0"]
[Board "77"]
[TimeControl "180+1"]
[WhiteFideId "13302531"]
[BlackFideId "769290"]
[WhiteElo "2556"]
[BlackElo "2130"]
[WhiteTeam "ARM"]
[BlackTeam "HUN"]
[WhiteClock "0:01:12"]
[BlackClock "0:01:29"]

1. d4 Nf6 2. c4 g6 3. Nc3 d5 4. cxd5 Nxd5 5. Bd2 Nxc3 6. Bxc3 Bg7 7. e4 O-O 8. Qd2 b6 9. h4 Bb7 10. f3 e5 11. d5 c6 12. d6 Nd7 13. h5 Nc5 14. hxg6 hxg6 15. g4 Na4 16. Qh2 Re8 17. Bd2 Qxd6 18. Rd1 Qf8 19. Qh7# 1-0

[Event "November 21 Early 2023"]
[Site "https://www.chess.com"]
[Date "2023.11.21"]
[Round "3"]
[White "Kamsky, Gata"]
[Black "Eugene, Floryan"]
[Result "1-0"]
[Board "78"]
[TimeControl "180+1"]
[WhiteFideId "2000024"]
[BlackFideId "20694784"]
[WhiteElo "2660"]
[BlackElo "2369"]
[WhiteTeam "USA"]
[BlackTeam "FRA"]
[WhiteClock "0:00:43"]
[BlackClock "0:00:09"]

1. d4 f5 2. Nc3 Nf6 3. Bg5 d5 4. e3 e6 5. Nf3 Bd6 6. Bd3 O-O 7. O-O Bd7 8. Ne2 Be8 9. Ne5 Bh5 10. f3 Nbd7 11. Nf4 Qe8 12. Bxf6 Nxf6 13. c4 c6 14. Qb3 Qe7 15. cxd5 cxd5 16. Rac1 Be8 17. Be2 b6 18. Nfd3 Bd7 19. Nxd7 Nxd7 20. Rc6 Rac8 21. Rfc1 Rxc6 22. Rxc6 Rd8 23. f4 Nb8 24. Rc3 g5 25. Ne5 Bxe5 26. fxe5 g4 27. Qc2 Nd7 28. Rc7 a5 29. Bb5 Qb4 30. Qe2 Nf8 31. a3 Qb3 32. Rc3 Qa2 33. Qc2 Qa1+ 34. Qc1 Qxc1+ 35. Rxc1 Ng6 36. g3 Nf8 37. Rc6 Rb8 38. Rc7 Kh8 39. Kf2 Kg8 40. Ke2 Ng6 41. Kd2 Nf8 42. Kc3 Ng6 43. Kb3 Nf8 44. Ka4 Ng6 45. Ba6 Nf8 46. Kb5 h5 47. Bb7 Ng6 48. Kxb6 h4 49. Kxa5 hxg3 50. hxg3 Re8 51. Kb6 Rf8 52. a4 Re8 53. a5 Rf8 54. a6 f4 55. exf4 Nxf4 56. a7 Nd3 57. Bc8 Nxb2 58. a8=Q Nc4+ 59. Rxc4 dxc4 60. Bxe6+ Kg7 61. Qxf8+ Kxf8 62. Bxc4 Ke7 63. d5 Kd7 64. d6 Ke8 65. Kc7 Kf8 66. d7 Kg7 67. d8=Q Kh6 68. Qf6+ Kh7 69. e6 Kg8 70. e7+ Kh7 71. Bd3+ Kg8 72. e8=R# 1-0

[Event "November 21 Early 2023"]
[Site "https://www.chess.com"]
[Date "2023.11.21"]
[Round "3"]
[White "Grochal, Joey"]
[Black "Sychev, Klementy"]
[Result "0-1"]
[Board "79"]
[TimeControl "180+1"]
[WhiteFideId "1019945"]
[BlackFideId "4114060"]
[WhiteElo "2231"]
[BlackElo "2583"]
[WhiteTeam "NED"]
[BlackTeam "FID"]
[WhiteClock "0:00:07"]
[BlackClock "0:00:20"]

1. e4 e5 2. Nf3 Nc6 3. Bb5 a6 4. Ba4 f5 5. d3 fxe4 6. dxe4 Nf6 7. Qe2 d6 8. Bb3 Na5 9. Nc3 Nxb3 10. axb3 Be7 11. h3 O-O 12. Bg5 Kh8 13. O-O-O Qe8 14. g4 Qf7 15. Nh4 Nh5 16. Bxe7 Nf4 17. Qc4 Qxe7 18. Nf5 Qd8 19. Nd5 Ne6 20. Nxc7 Qxc7 21. Qxc7 Nxc7 22. Rxd6 g6 23. Nh6 Ne6 24. Rhd1 Kg7 25. Nf5+ gxf5 26. exf5 Nf4 27. h4 b5 28. h5 Ra7 29. Rd8 Raf7 30. R1d6 Rxd8 31. Rxd8 Bb7 32. Re8 Bf3 33. g5 Rxf5 34. h6+ Kf7 35. Rh8 Kg6 36. Rg8+ Kh5 37. Rg7 Rxg5 38. Rxh7 Rg6 39. Re7 Kxh6 40. Rxe5 Rd6 41. Kb1 Kg6 42. b4 Bg4 43. b3 Bf5 44. Kb2 Rd2 45. Rc5 0-1

[Event "November 21 Early 2023"]
[Site "https://www.chess.com"]
[Date "2023.11.21"]
[Round "3"]
[White "Kuegel, Tobias"]
[Black "Galaktionov, Artem"]
[Result "0-1"]
[Board "80"]
[TimeControl "180+1"]
[WhiteFideId "4636295"]
[BlackFideId "24175471"]
[WhiteElo "2213"]
[BlackElo "2367"]
[WhiteTeam "GER"]
[BlackTeam "RUS"]
[WhiteClock "0:00:00"]
[BlackClock "0:01:27"]

1. e4 c6 2. Nc3 d6 3. Nf3 g6 4. d4 Bg7 5. Be2 Nd7 6. O-O e5 7. Be3 Ngf6 8. h3 Qe7 9. Qd2 O-O 10. Rfe1 exd4 11. Bxd4 Nxe4 12. Nxe4 Qxe4 13. Bc4 Qf5 14. Bxg7 Kxg7 15. Qxd6 Qc5 16. Qxc5 Nxc5 17. Rad1 Be6 18. Bxe6 Nxe6 19. Rd7 Nc5 20. Rc7 Rac8 21. Ree7 Rxc7 22. Rxc7 a5 23. Ne5 Kf6 24. Nd7+ Nxd7 25. Rxd7 Rb8 26. Kf1 Ke6 27. Rd3 h5 28. Ke2 b5 29. h4 c5 30. g3 c4 31. Rd4 Ke5 32. Ke3 Rb7 33. f4+ Ke6 34. c3 f6 35. a4 bxa4 36. Rxc4 Rxb2 37. Rxa4 Rb5 38. c4 Rb3+ 39. Kf2 Rc3 40. Rxa5 Rxc4 41. Ra6+ Kf5 42. Ra2 Kg4 43. Ra3 Rc2+ 44. Kg1 Kh3 45. Kf1 f5 0-1

[Event "November 21 Early 2023"]
[Site "https://www.chess.com"]
[Date "2023.11.21"]
[Round "3"]
[White "Toktomushev, Teimur"]
[Black "Yeletsky, Ivan"]
[Result "0-1"]
[Board "81"]
[TimeControl "180+1"]
[WhiteFideId "14176726"]
[BlackFideId "24180327"]
[WhiteElo "2198"]
[BlackElo "2358"]
[WhiteTeam "UKR"]
[BlackTeam "RUS"]
[WhiteClock "0:00:01"]
[BlackClock "0:01:07"]

1. d4 Nf6 2. c4 g6 3. Nc3 c5 4. d5 d6 5. Nf3 Bg7 6. e4 O-O 7. Be2 e6 8. Nd2 Na6 9. O-O Re8 10. Re1 Nc7 11. a4 Na6 12. h3 Nb4 13. f4 exd5 14. cxd5 b6 15. Bb5 Re7 16. a5 a6 17. axb6 Bxh3 18. gxh3 axb5 19. Rxa8 Qxa8 20. Nxb5 Qd8 21. Nc4 Nxe4 22. f5 Qd7 23. Qg4 h5 24. Qf3 Ng5 25. Qf2 Rxe1+ 26. Qxe1 Nf3+ 27. Kf2 Nxe1 28. Kxe1 Qxb5 0-1

[Event "November 21 Early 2023"]
[Site "https://www.chess.com"]
[Date "2023.11.21"]
[Round "3"]
[White "Rakhmanov, Aleksandr"]
[Black "Ismayil, Malak"]
[Result "1-0"]
[Board "82"]
[TimeControl "180+1"]
[WhiteFideId "4173708"]
[BlackFideId "13412604"]
[WhiteElo "2521"]
[BlackElo "1898"]
[WhiteTeam "FID"]
[BlackTeam "AZE"]
[WhiteClock "0:00:04"]
[BlackClock "0:00:04"]

1. d4 Nf6 2. c4 e6 3. Nc3 d5 4. e3 Be7 5. Nf3 O-O 6. Bd2 c5 7. cxd5 exd5 8. dxc5 Bxc5 9. Rc1 Nc6 10. Nb5 Bb6 11. Be2 Bg4 12. O-O Ne4 13. Bc3 Re8 14. Bd4 a6 15. Nc3 Bxf3 16. Bxf3 Nxd4 17. exd4 Rc8 18. Qd3 Nf6 19. Na4 Ba7 20. Nc5 Bxc5 21. dxc5 Qa5 22. Qd4 Qxa2 23. b4 Qa4 24. g3 a5 25. Rb1 h6 26. Rfc1 Red8 27. Kg2 Rd7 28. h4 Rcd8 29. Bd1 Qc6 30. bxa5 Qe6 31. Bf3 Qf5 32. g4 Qg6 33. Rb6 Re7 34. Rcb1 Rdd7 35. Rc1 Re4 36. Qd1 Rf4 37. a6 bxa6 38. c6 Rc7 39. Rb8+ Kh7 40. h5 Qg5 41. Qd3+ g6 42. hxg6+ fxg6 43. Rb6 Qe5 44. Rb7 Ne4 45. Rxc7+ Qxc7 46. Qxd5 Ng5 47. Qd7+ Rf7 48. Qxc7 Rxc7 49. Bd5 Kg7 50. Rb1 Kf6 51. Rb7 Rc8 52. f4 Ne6 53. Kg3 Nd4 54. Rf7# 1-0

[Event "November 21 Early 2023"]
[Site "https://www.chess.com"]
[Date "2023.11.21"]
[Round "3"]
[White "Dragun, Kamil"]
[Black "Rietze, Clemens, Dr."]
[Result "1-0"]
[Board "83"]
[TimeControl "180+1"]
[WhiteFideId "1134167"]
[BlackFideId "24620351"]
[WhiteElo "2551"]
[BlackElo "2288"]
[WhiteTeam "POL"]
[BlackTeam "GER"]
[WhiteClock "0:01:02"]
[BlackClock "0:01:09"]

1. d4 Nf6 2. c4 g6 3. Nf3 Bg7 4. Nc3 O-O 5. e4 d6 6. Be2 Na6 7. O-O e5 8. Be3 Ng4 9. Bg5 f6 10. Bh4 Nh6 11. dxe5 dxe5 12. Qxd8 Rxd8 13. Nd5 g5 14. Bg3 c6 15. Ne7+ Kf8 16. Nxc8 Raxc8 17. Rfd1 Ke8 18. Nd2 Bf8 19. Bh5+ Nf7 20. h4 h6 21. Nf1 Nc5 22. f3 Nd3 23. Rd2 Bc5+ 24. Kh2 Nf4 25. Bxf4 exf4 26. Rad1 Rxd2 27. Rxd2 Rc7 28. Kh3 Ke7 29. Bxf7 Kxf7 30. Kg4 Kg6 31. h5+ Kf7 32. Kf5 Bg1 33. Rd6 1-0

[Event "November 21 Early 2023"]
[Site "https://www.chess.com"]
[Date "2023.11.21"]
[Round "3"]
[White "Babikov, Ivan"]
[Black "Visakh N R"]
[Result "0-1"]
[Board "84"]
[TimeControl "180+1"]
[WhiteFideId "4161106"]
[BlackFideId "25012223"]
[WhiteElo "1986"]
[BlackElo "2474"]
[WhiteTeam "RUS"]
[BlackTeam "IND"]
[WhiteClock "0:01:04"]
[BlackClock "0:02:15"]

1. e4 c5 2. d4 cxd4 3. c3 dxc3 4. Nxc3 g6 5. Nf3 Bg7 6. Bc4 Nc6 7. e5 d5 8. Bxd5 e6 9. Bxc6+ bxc6 10. Qxd8+ Kxd8 11. Bg5+ Kc7 12. Rc1 h6 13. Be3 Ba6 14. Bc5 Bf8 15. Ne4 Bxc5 16. Rxc5 Ne7 17. Nd4 Rab8 18. b3 Rb4 0-1